 Dungeon Crawl Stone Soup version 0.28-a0-683-ga8797d1ae1 (webtiles) character file.

Game seed: 12490082301461879035

121 cheechan the Cutter (level 5, -5/31 HPs)
             Began as a Kobold Warper on Oct 18, 2021.
             Slain by bande's ghost (10 damage)
             ... on level 3 of the Dungeon.
             The game lasted 00:20:05 (4762 turns).

cheechan the Cutter (Kobold Warper)                 Turns: 4762, Time: 00:20:05

Health: -5/31      AC:  4    Str:  9    XL:     5   Next: 26%
Magic:  1/17       EV: 14    Int: 20    God:
Gold:   124        SH:  0    Dex: 17    Spells: 0/8 levels left

rFire   . . .      SeeInvis .   q - +0 hunting sling
rCold   x . .      Faith    .   (shield restricted)
rNeg    . . .      Spirit   .   b - +0 leather armour
rPois   .          Reflect  .   (no helmet)
rElec   .          Harm     .   (no cloak)
rCorr   .          Rampage  .   o - +0 pair of gloves
Will    .....                   (no boots)
Stlth   +++.......              (no amulet)
HPRegen 0.10/turn               i - ring of Fuvunyps {rC- MP+9 Int+6 Dex+2}
MPRegen 0.15/turn               (no ring)

@: no status effects
A: small, no large weapons, nightstalker 3
a: no special abilities


You were on level 3 of the Dungeon.
You visited 1 branch of the dungeon, and saw 4 of its levels.

You collected 124 gold pieces.

Inventory:

Hand Weapons
 a - a +0 short sword
 g - a +0 dagger
 q - a +0 hunting sling (weapon)
Missiles
 d - 3 boomerangs of dispersal
 e - 56 arrows
 h - 128 stones (quivered ammo)
 n - 5 sling bullets
Armour
 b - a +0 leather armour (worn)
 o - a +0 pair of gloves (worn)
Jewellery
 i - the ring of Fuvunyps (left hand) {rC- MP+9 Int+6 Dex+2}
   (You acquired it on level 1 of the Dungeon)

   [ring of intelligence]

   Int:       It affects your intelligence (+6).
   Dex:       It affects your dexterity (+2).
   rC:        It makes you vulnerable to cold.
   MP:        It affects your magic capacity (+9).
Scrolls
 c - a scroll of blinking
 f - a scroll of magic mapping
 r - 2 scrolls of teleportation
Potions
 j - 3 potions of flight
 k - 3 potions of curing
 l - a potion of ambrosia {unknown}
 m - a potion of lignification {unknown}
 p - a potion of haste


   Skills:
 + Level 2.4 Fighting
 + Level 3.8 Short Blades
 + Level 1.1 Throwing
 + Level 2.0 Armour
 + Level 2.9 Dodging
 + Level 2.2 Stealth
 + Level 2.3 Spellcasting
 + Level 3.6 Translocations


You couldn't memorise any spells.
You knew the following spells:

 Your Spells              Type           Power      Damage    Failure   Level
a - Blink                 Tloc           N/A        N/A       7%          2
b - Gell's Gravitas       Tloc           8%         N/A       14%         3
c - Teleport Other        Tloc           16%        N/A       14%         3

Your spell library contained the following spells:

 Spells                   Type           Power      Damage    Failure   Level
 Lesser Beckoning         Tloc           16%        N/A       14%         3
 Manifold Assault         Tloc           16%        N/A       78%         5


Dungeon Overview and Level Annotations

Branches:
Dungeon (4/15)
 Temple: D:4-7

Altars:
Cheibriados
Okawaru
Yredelemnul

Annotations:
D:3 bande's ghost, amateur GrFi


Innate Abilities, Weirdness & Mutations

You are small and have problems with some larger weapons.
You are completely attuned to the shadows.


Message History

Press: ? - help, Q - select action, (/) - cycle Shift-Dir - straight line, f/p - bande's ghost
Aim: bande's ghost (moderately damaged, 64% to hit)
You shoot a sling bullet.
The sling bullet hits bande's ghost but does no damage.
Bande's ghost is moderately damaged.
Fire: 6 sling bullets
Press: ? - help, Q - select action, (/) - cycle Shift-Dir - straight line, f/p - bande's ghost
Aim: bande's ghost (moderately damaged, 64% to hit)
You shoot a sling bullet.
The sling bullet hits bande's ghost but does no damage.
Bande's ghost is moderately damaged.
a - a +0 short sword (weapon)
You hit bande's ghost.
Bande's ghost is heavily damaged.
Bande's ghost misses you.
You hit bande's ghost but do no damage.
Bande's ghost is heavily damaged.
Bande's ghost hits you but does no damage.
You hit bande's ghost.
Bande's ghost is heavily damaged.
Bande's ghost hits you.
You hit bande's ghost but do no damage.
Bande's ghost is heavily damaged.
Bande's ghost hits you.
You closely miss bande's ghost.
Bande's ghost is heavily damaged.
Bande's ghost hits you!
* * * LOW HITPOINT WARNING * * *
Casting: Blink (safe; 7% risk of failure)
Confirm with . or Enter, or press ? or * to list all spells.
You blink.
q - a +0 hunting sling (weapon)
Fire: 129 stones
Press: ? - help, Q - select action, (/) - cycle Shift-Dir - straight line, f/p - bande's ghost
Aim: bande's ghost (heavily damaged, 64% to hit)
You shoot a stone.
The stone hits bande's ghost but does no damage.
Bande's ghost is heavily damaged.
Bande's ghost hits you!
You die...

≈# #(#.(...###.##.#
## #.#.(...#....#.#
#.#..####......#
#.##.# ###..###
###### #.##.# ##§.#
.....# #.##.# #...#
####.# #.##.## #(.##
##...# #.##..####W.#
<#.#####..((....@..#
##......####.#####.#
######.# #.(# #.#
##### #.# ##.# #.#
....# #.# #.## #.#
..†.###.# #..# #.#
....'...# ##.###.#
....##### #..##.#
....# ##'##.#


You could see bande's ghost.

Vanquished Creatures
  7 adders
  2 dart slugs (D:1)
  An orc (D:3)
  A ball python (D:1)
  5 endoplasms
  A giant cockroach (D:1)
  8 goblins
  4 hobgoblins
  3 jackals (D:1)
  2 quokkas
  4 bats
  3 frilled lizards (D:1)
  9 kobolds
  7 rats
57 creatures vanquished.

Vanquished Creatures (others)
  7 plants (D:1)
7 creatures vanquished.

Grand Total: 64 creatures vanquished

Notes
Turn   | Place    | Note
-------+----------+-------------------------------------------
     0 | D:1      | cheechan the Kobold Warper began the quest for the Orb.
     0 | D:1      | Reached XP level 1. HP: 12/12 MP: 3/3
   220 | D:1      | Identified a scroll of acquirement
   220 | D:1      | Acquired the ring of Fuvunyps {rC- MP+9 Int+6 Dex+2}
   654 | D:1      | Reached XP level 2. HP: 10/17 MP: 5/5
   992 | D:1      | Learned a level 2 spell: Blink
  1009 | D:1      | Found a faded altar of an unknown god.
  1457 | D:1      | Reached XP level 3. HP: 21/21 MP: 6/6
  1558 | D:1      | Reached skill level 1 in Armour
  1741 | D:2      | Reached skill level 1 in Stealth
  2068 | D:2      | Reached XP level 4. HP: 5/26 MP: 7/7
  3228 | D:2      | Found a basalt altar of Yredelemnul.
  3692 | D:3      | Reached XP level 5. HP: 31/31 MP: 8/8
  3696 | D:3      | Learned a level 3 spell: Gell's Gravitas
  3700 | D:3      | Learned a level 3 spell: Teleport Other
  3764 | D:3      | Found an iron altar of Okawaru.
  3764 | D:3      | Found a snail-covered altar of Cheibriados.
  4079 | D:3      | Found a runed translucent door.
  4096 | D:3      | Noticed bande's ghost (amateur GrFi)
  4349 | D:3      | HP: 1/31 [bande's ghost (13)]
  4762 | D:3      | Slain by bande's ghost

Illustrated notes

Levels and vault maps discovered:
D:1:      scummos_arrival_simple_fountains, layout_basic,
          ebering_ecumenical_altar_rust, lexackson_kobold_supper
D:2:      layout_loops_ring, basic_altar
D:3:      layout_basic, gammafunk_temple_overflow_statue, ebering_ghost_sewer_d
D:4:      minmay_polygon_palace, layout_loops_ring,
          mainiacjoe_overflow_cross_hatched, kennysheep_crisscross,
          kennysheep_generic_room_3, uniq_blork_the_orc

Skill      XL: |  1  2  3  4  5 |
---------------+----------------+-----
Short Blades   | 3 |  3.8
Armour         | 1 2 |  2.0
Stealth        | 1 2 |  2.2
Fighting       | |  2.4
Throwing       | |  1.1
Dodging        | |  2.9
Spellcasting   | |  2.3
Translocations | |  3.6

Action                   |  1- 3 |  4- 6 || total
-------------------------+-------+-------++-------
Melee: Short sword       |   123 |   106 ||   229
 Fire: Hunting sling     |       |    15 ||    15
Throw: Boomerang         |     2 |       ||     2
 Cast: Blink             |     1 |    18 ||    19
       Gell's Gravitas   |       |     2 ||     2
  Use: Scroll            |     3 |     5 ||     8
       Potion            |       |     1 ||     1
 Stab: Sleeping          |     5 |    10 ||    15
Armor: Leather armour    |    25 |    14 ||    39
Dodge: Dodged            |   108 |    66 ||   174

Table legend: (Time is in decaauts)
 A = Elapsed time spent in this place.
 B = Non-inter-level travel time spent in this place.
 C = Inter-level travel time spent in this place.
 D = Time resting spent in this place.
 E = Time spent auto-exploring this place.
 F = Levels seen in this place.
 G = Mean time per level.
                   A        B        C        D        E       F      G
               +--------+--------+--------+--------+--------+-----+--------+
         Total |   4738 |   4737 |      1 |   1829 |      4 |   4 | 1184.5 |
       Dungeon |   4738 |   4737 |      1 |   1829 |      4 |   4 | 1184.5 |
               +--------+--------+--------+--------+--------+-----+--------+

Top non-repeatable levels by time:
     D:1: 1966 daAuts
     D:2: 1676 daAuts
     D:3: 847 daAuts
     D:4: 248 daAuts
